AoeStats
← Crazy_Owl

Arena

510189276Analyzed
1v1 RM · 4d ago on Sep 29, 2026· 37m 48s· 2 players
Game mode
Random Map
Map size
Tiny (2 player)
Population
200
Speed
Normal
Resources
Standard
Victory
Conquest
Starting age
Dark Age
Ending age
Imperial Age
RankedLock teamsTeams togetherTeam positionsShared explorationLock speedFull tech treeHidden civsTurbo modeCheats
Victory
Defeat
🇳🇱 Goths · Netherlands
956
+15
🇨🇱 Spanish · Chile
933
-15
Marsupial
7:25 Loom
10:06 Feudal Age
16:31 Castle Age
15:21 Double-Bit Axe
15:17 Horse Collar
16:06 Stone Mining
18:04 Wheelbarrow
17:41 Husbandry
18:45 Town Watch
21:07 Scale Barding Armor
22:53 Forging
27:04 Heavy Plow
28:12 Redemption
31:04 Iron Casting
31:27 Hand Cart
32:14 Bloodlines
32:02 Gold Mining
35:21 Imperial Age
32:32 Elite Skirmisher
33:05 Fletching
34:26 Inquisition
34:39 Thumb Ring
34:36 Bodkin Arrow
37:40 Blast Furnace
37:19 Bow Saw
Crazy_Owl
4:15 Loom
10:38 Feudal Age
12:43 Wheelbarrow
16:53 Castle Age
16:58 Double-Bit Axe
16:57 Horse Collar
16:40 Man-at-Arms
18:21 Bow Saw
19:13 Scale Mail Armor
19:53 Heavy Plow
22:37 Long Swordsman
26:25 Squires
27:04 Fletching
27:56 Forging
28:43 Chain Mail Armor
34:03 Imperial Age
33:07 Pikeman
34:04 Anarchy
34:42 Bodkin Arrow
35:19 Gold Mining
Connection lost

Rejoining the realm…

Still unreachable

The connection could not be restored.

Session expired

The server has moved on; the page needs a fresh start.